 Dungeon Crawl Stone Soup version 0.30-a0-168-g0b976cbdc4 (webtiles) character file.

Game seed: 7846304500288358006

1607 IdlyInterested the Slasher (level 8, -2/58 HPs)
             Began as a Demonspawn Gladiator on Sept 29, 2022.
             Killed by nerve-wracking pain
             ... invoked by Menkaure
              (9 damage)
             ... on level 6 of the Dungeon.
             The game lasted 00:15:49 (6890 turns).

IdlyInterested the Slasher (Demonspawn Gladiator)   Turns: 6890, Time: 00:15:50

Health: -2/58      AC: 22    Str: 15    XL:     8   Next: 63%
Magic:  8/8        EV: 10    Int:  9    God:
Gold:   232        SH:  0    Dex: 17    Spells: 7/7 levels left

rFire   + + .      SeeInvis .    a - +0 long sword
rCold   x . .      Faith    .    (no shield)
rNeg    . . .      Spirit   .    t - +0 fire dragon scales
rPois   .          Reflect  .    c - +1 helmet
rElec   .          Harm     .    f - +1 cloak
rCorr   +          Rampage  .    (gloves unavailable)
Will    .....                    (no boots)
Stlth   +.........               y - amulet of magic regeneration
HPRegen 0.19/turn                n - +4 ring of protection
MPRegen 0.51/turn                w - ring of resist corrosion

@: sanguine armoured
A: ignite blood 2, sanguine armour 1, demonic touch 3
a: no special abilities


You were on level 6 of the Dungeon.
You visited 1 branch of the dungeon, and saw 6 of its levels.

You collected 232 gold pieces.

Inventory:

Hand Weapons
 a - a +0 long sword (weapon)
 i - a +1 dagger of venom
 q - a +0 long sword
 r - a +1 short sword of venom
 z - a +1 short sword of draining
 B - a +0 rapier
Missiles
 d - 4 throwing nets
 e - a javelin
 o - 9 poisoned darts
 s - 3 boomerangs of dispersal
 A - 4 datura-tipped darts
 C - 3 boomerangs (quivered)
Armour
 c - a +1 helmet (worn)
 f - a +1 cloak (worn)
 h - a +0 chain mail of willpower
 t - +0 fire dragon scales (worn)
Magical Staves
 v - a staff of air
Jewellery
 n - a +4 ring of protection (left hand)
 w - a ring of resist corrosion (right hand)
 y - an amulet of magic regeneration (around neck)
Scrolls
 g - 3 scrolls of teleportation
 x - a scroll of summoning
Potions
 b - a potion of resistance
 j - 2 potions of cancellation
 k - 2 potions of flight
 l - 2 potions of curing
 m - 2 potions of heal wounds
 p - 2 potions of attraction
 u - 2 potions of ambrosia
 D - a potion of brilliance {unknown}


   Skills:
 - Level 3.0 Fighting
 + Level 7.3 Long Blades
 + Level 5.5 Throwing
 - Level 3.0 Dodging
 - Level 3.0 Stealth
 - Level 3.0 Unarmed Combat


You had 7 spell levels left.
You didn't know any spells.
Your spell library contained the following spells:

 Spells                   Type           Power      Damage    Failure   Level
 Static Discharge         Conj/Air       0%         2-2/arc   98%         2
 Sublimation of Blood     Necr           0%         N/A       98%         2
 Petrify                  Tmut/Erth      0%         N/A       100%        4
 Arcjolt                  Conj/Air       0%         1d10      100%        5
 Freezing Cloud           Conj/Ice/Air   0%         6-21      100%        5
 Irradiate                Conj/Tmut      0%         3d11      100%        5
 Lightning Bolt           Conj/Air       0%         1d11      100%        5
 Simulacrum               Ice/Necr       0%         N/A       100%        6
 Maxwell's Capacitive Co  Air            0%         ∞         100%        8
 Polar Vortex             Ice            0%         N/A       100%        9


Dungeon Overview and Level Annotations

Branches:
Dungeon (6/15)             Temple (0/1) D:5

Altars:
Makhleb
Okawaru
Ru
Wu Jian
Xom

Shops:
D:5 *

Annotations:
D:6 Menkaure


Innate Abilities, Weirdness & Mutations

Your demonic aura often causes spilled blood to erupt in flames.
When seriously injured, your blood forms armour. (AC +6)
Your touch may irresistibly damage your foes and sap their willpower.


Message History

Found a sacrificial altar of Ru.
Menkaure shouts!
Menkaure mumbles some strange words.
Menkaure seems to speed up.
Found 15 gold pieces.
Menkaure calls on the powers of darkness!
Your body is wracked with pain!
Your blood congeals into armour.
Menkaure closely misses you.
You hit Menkaure but do no damage.
You touch Menkaure!
You sap his willpower!
Menkaure is heavily damaged.
A bullfrog comes into view.
Menkaure hits you but does no damage.
The bullfrog gives a loud, deep croak!
You hit Menkaure.
Menkaure is severely damaged.
Menkaure hits you but does no damage.
You hit Menkaure.
Menkaure is severely damaged.
Menkaure gestures at you while chanting.
Pain shoots through your body!
The bullfrog swells and bulges.
Menkaure gestures at you while chanting.
You struggle to resist.
You hit Menkaure. Your touch misses Menkaure.
Menkaure is almost destroyed.
The bullfrog swells and bulges.
Menkaure hits you!
* * * LOW HITPOINT WARNING * * *
You barely miss Menkaure.
Menkaure is almost destroyed.
Menkaure hits you but does no damage. The bullfrog hits you.
* * * LOW HITPOINT WARNING * * *
You hit Menkaure but do no damage.
Menkaure is almost destroyed.
Menkaure hits you!
* * * LOW HITPOINT WARNING * * *
The bullfrog hits you but does no damage.
Menkaure casts a spell at you. Pain shoots through your body!
You die...

#..§≈§... ##...≈≈... #
#....≈≈..# .# ....≈≈..#
..# ##..≈≈..# _..#
#......$#....#
#....F.M.....#
#...##@.....#
#....###### ######
#.#### #....# #.# ##
#.##.# #.#
.###.##.#####.#
.'...........>#
.####......##.##########
.# #..................#


You could see Menkaure (fast) and a bullfrog.

Vanquished Creatures
  Pikel (D:5)
  2 ogres
  A centaur (D:5)
  A necrophage (D:6)
  4 scorpions
  A hound (D:4)
  2 jellies
  2 orc priests
  A gnoll bouda (D:5)
  Jessica (D:2)
  An iguana (D:4)
  5 orc wizards
  3 gnolls (D:5)
  12 adders
  2 white imps
  A worm (D:2)
  3 dart slugs (D:1)
  22 orcs
  5 ball pythons
  6 endoplasms
  2 giant cockroaches (D:1)
  6 goblins
  7 hobgoblins
  9 jackals
  13 kobolds
  4 quokkas
  7 bats
  3 frilled lizards
  8 rats
135 creatures vanquished.

Notes
Turn   | Place    | Note
-------+----------+-------------------------------------------
     0 | D:1      | IdlyInterested the Demonspawn Gladiator began the quest for
                  | the Orb.
     0 | D:1      | Reached XP level 1. HP: 16/16 MP: 1/1
   319 | D:1      | Gained mutation: Your demonic aura sometimes causes spilled
                  | blood to erupt in flames. [demonic ancestry]
   319 | D:1      | Reached XP level 2. HP: 20/22 MP: 2/2
   816 | D:1      | Reached skill level 3 in Long Blades
   954 | D:1      | You fall into a shaft and drop 1 floor!
  1011 | D:1      | Gained mutation: Your touch may inflict minor irresistible
                  | damage on your foes. [demonic ancestry]
  1011 | D:1      | Reached XP level 3. HP: 27/27 MP: 3/3
  1956 | D:2      | Reached skill level 1 in Unarmed Combat
  1956 | D:2      | Gained mutation: Your demonic aura often causes spilled
                  | blood to erupt in flames. [demonic ancestry]
  1956 | D:2      | Reached XP level 4. HP: 29/33 MP: 4/4
  2179 | D:2      | Noticed Jessica
  2184 | D:2      | Killed Jessica
  2683 | D:3      | Gained mutation: Your touch may inflict irresistible damage
                  | on your foes. [demonic ancestry]
  2683 | D:3      | Reached XP level 5. HP: 37/38 MP: 5/5
  2816 | D:3      | Found a faded altar of an unknown god.
  3360 | D:3      | Found an iron altar of Okawaru.
  3875 | D:4      | Reached skill level 4 in Long Blades
  3913 | D:4      | Gained mutation: Your touch may irresistibly damage your
                  | foes and sap their willpower. [demonic ancestry]
  3913 | D:4      | Reached XP level 6. HP: 44/44 MP: 6/6
  4148 | D:4      | Found a shimmering altar of Xom.
  4265 | D:4      | Found a faded altar of an unknown god.
  4291 | D:4      | Found a faded altar of an unknown god.
  4293 | D:4      | Found an ornate altar of the Wu Jian Council.
  4298 | D:4      | Found a burning altar of Makhleb.
  4484 | D:4      | Reached skill level 5 in Long Blades
  4484 | D:4      | Reached skill level 1 in Stealth
  4787 | D:5      | Entered Level 5 of the Dungeon
  4834 | D:5      | Gained mutation: When seriously injured, your blood forms
                  | armour. (AC +6) [demonic ancestry]
  4834 | D:5      | Reached XP level 7. HP: 37/52 MP: 7/7
  5364 | D:5      | Found a staircase to the Ecumenical Temple.
  5422 | D:5      | Noticed Pikel
  5431 | D:5      | Killed Pikel
  5432 | D:5      | Reached skill level 6 in Long Blades
  5432 | D:5      | Reached XP level 8. HP: 57/58 MP: 8/8
  5515 | D:5      | Found Adiuf Ziress's Neck Hole.
  6399 | D:6      | Reached skill level 5 in Throwing
  6410 | D:6      | Reached skill level 7 in Long Blades
  6881 | D:6      | Found a sacrificial altar of Ru.
  6881 | D:6      | Noticed Menkaure
  6890 | D:6      | Killed from afar by Menkaure

Illustrated notes

Levels and vault maps discovered:
D:1:      scummos_arrival_checkerplants, layout_basic
D:2:      layout_basic, kennysheep_minor_cross, minmay_small_reverse_x,
          uniq_jessica
D:3:      layout_loops_ring, okawaru_altar_gauntlet_db,
          ebering_ecumenical_altar_mist
D:4:      minmay_spotlight, layout_loops_ring, lemuel_tele_altar,
          chequers_temple_overflow_minitemple
D:5:      layout_layer_cave, minmay_temple_entry_grid, dk_vineyard_1,
          nicolae_shop_sticking_my_neck_out, uniq_pikel
D:6:      layout_basic, mainiacjoe_overflow_chevrons, uniq_menkaure

Skill      XL: |  1  2  3  4  5  6  7  8 |
---------------+-------------------------+-----
Dodging        | 3 |  3.0
Throwing       | 2 3 4 5 |  5.5
Long Blades    | 3 4 5 6 7 |  7.3
Unarmed Combat | 1 2 3 |  3.0
Fighting       | 3 |  3.0
Stealth        | 2 3 |  3.0

Action                   |  1- 3 |  4- 6 |  7- 9 || total
-------------------------+-------+-------+-------++-------
Melee: Long sword        |   105 |   131 |   137 ||   373
       Punch             |     2 |     2 |     3 ||     7
       Touch             |     9 |    14 |    19 ||    42
Throw: Dart              |       |     5 |     2 ||     7
  Use: Scroll            |     2 |    10 |     3 ||    15
       Potion            |       |     2 |     4 ||     6
Armor: Leather armour    |    11 |       |       ||    11
       Chain mail        |    54 |    28 |       ||    82
       Fire dragon scale |       |    45 |   130 ||   175
Dodge: Dodged            |    45 |    56 |    74 ||   175

Table legend: (Time is in decaauts)
 A = Elapsed time spent in this place.
 B = Non-inter-level travel time spent in this place.
 C = Inter-level travel time spent in this place.
 D = Time resting spent in this place.
 E = Time spent auto-exploring this place.
 F = Levels seen in this place.
 G = Mean time per level.
                   A        B        C        D        E       F      G
               +--------+--------+--------+--------+--------+-----+--------+
         Total |   6956 |   6072 |    884 |    585 |   4206 |   6 | 1159.3 |
       Dungeon |   6956 |   6072 |    884 |    585 |   4206 |   6 | 1159.3 |
               +--------+--------+--------+--------+--------+-----+--------+

Top non-repeatable levels by time:
     D:1: 1722 daAuts
     D:5: 1550 daAuts
     D:2: 1113 daAuts
     D:4: 1046 daAuts
     D:3: 986 daAuts
     D:6: 538 daAuts
